 Dungeon Crawl Stone Soup version 0.22.0-25-g7663229 (webtiles) character file.

59841 Americanboy the Severer (level 14, -2/137 HPs)
             Began as a Minotaur Fighter on Aug 20, 2018.
             Was the Champion of Okawaru.
             Slain by a polar bear (17 damage)
             ... on level 6 of the Lair of Beasts.
             The game lasted 01:00:48 (16356 turns).

Americanboy the Severer (Minotaur Fighter)         Turns: 16356, Time: 01:00:49

Health: -2/137     AC:  7    Str: 25    XL:     14   Next: 54%
Magic:  16/16      EV: 15    Int:  8    God:    Okawaru [******]
Gold:   1332       SH: 14    Dex: 15    Spells: 13/13 levels left

rFire    + + +     SeeInvis .   W - +3 broad axe (freeze)
rCold    . . .     Gourm    .   c - +1 shield
rNeg     + + +     Faith    .   Y - +0 leather armour "Ybleam" {*Slow rN++ Slay+5}
rPois    +         Spirit   .   C - +0 hat "Xeja" {rN+ Dex+4}
rElec    .         Reflect  .   l - scarf {rC+ rF+}
rCorr    .         Harm     .   (no gloves)
MR       +....                  d - +2 pair of boots {Fly}
Stlth    ++........             s - amulet of rage
HPRegen  0.32/turn              M - ring of Gimealea {rPois rF++ rC- Int+3 Slay+2}
MPRegen  0.15/turn              L - ring of the Leaf {rPois rF+ rN+ Slay+3 Stlth+}

@: about to teleport, flying
A: retaliatory headbutt, horns 2
a: Heroism, Finesse, Renounce Religion, Evoke Berserk Rage, Stop Flying


You were on level 6 of the Lair of Beasts.
You worshipped Okawaru.
Okawaru was exalted by your worship.
You were full.

You visited 3 branches of the dungeon, and saw 20 of its levels.
You also visited: Labyrinth.

You collected 1332 gold pieces.

Inventory:

Hand Weapons
 b - the +9 great sword "Death Rattle" {chaos, rPois rC- Str+4 Int+4}
   (You subdued it on level 5 of the Lair of Beasts)

   Each time it hits an enemy it has a different, random effect.
   It affects your strength (+4).
   It affects your intelligence (+4).
   It makes you vulnerable to cold.
   It protects you from poison.
 W - a +3 broad axe of freezing (weapon)
Missiles
 B - 4 throwing nets (quivered)
Armour
 c - a +1 shield (worn)
 d - a +2 pair of boots of flying (worn)
 l - a scarf of resistance (worn)
 C - the +0 hat "Xeja" (worn) {rN+ Dex+4}
   (Okawaru gifted it to you on level 11 of the Dungeon)

   It affects your dexterity (+4).
   It protects you from negative energy.
 Y - the +0 leather armour "Ybleam" (worn) {*Slow rN++ Slay+5}
   (You found it in a labyrinth)

   It affects your accuracy and damage with ranged weapons and melee attacks
   (+5).
   It greatly protects you from negative energy.
   It may slow you when you take damage.
Jewellery
 r - an uncursed ring of ice
 s - an amulet of rage (around neck)
 v - an uncursed ring of protection from cold
 F - an uncursed ring of protection from cold
 H - an uncursed ring of protection from fire
 L - the ring of the Leaf (right hand) {rPois rF+ rN+ Slay+3 Stlth+}
   (You found it on level 12 of the Dungeon)

   [ring of stealth]

   It affects your accuracy and damage with ranged weapons and melee attacks
   (+3).
   It protects you from fire.
   It protects you from poison.
   It protects you from negative energy.
   It makes you more stealthy.
 M - the ring of Gimealea (left hand) {rPois rF++ rC- Int+3 Slay+2}
   (You found it on level 12 of the Dungeon)

   [ring of intelligence]

   It affects your intelligence (+3).
   It affects your accuracy and damage with ranged weapons and melee attacks
   (+2).
   It greatly protects you from fire.
   It makes you vulnerable to cold.
   It protects you from poison.
Wands
 D - a wand of flame (26)
 J - a wand of digging (13)
 S - a wand of paralysis (29)
Scrolls
 a - 2 scrolls of enchant armour
 g - 11 scrolls of remove curse
 n - 4 scrolls of teleportation
 o - 2 scrolls of identify
Potions
 e - 4 potions of agility
 h - 2 potions of berserk rage
 i - 4 potions of haste
 j - 2 potions of lignification
 k - 3 potions of invisibility
 m - 3 potions of might
 p - 2 potions of curing
 q - 2 potions of resistance
 t - 2 potions of cancellation
 u - 2 potions of flight
 w - a potion of heal wounds
 V - a potion of brilliance
Miscellaneous
 K - a lightning rod (4/4)
Comestibles
 f - 15 rations


   Skills:
 * Level 16.0 Fighting
 * Level 18.8 Axes
 + Level 10.0 Armour
 + Level 6.3 Dodging
 + Level 11.1 Shields
 + Level 2.2 Invocations
 + Level 4.2 Evocations


You had 13 spell levels left.
You didn't know any spells.
Your spell library contained the following spells:

 Spells                   Type           Power        Failure   Level  Hunger
 Animate Skeleton         Necr           N/A          63%         1    ##.....
 Apportation              Tloc           #.....       63%         1    ##.....
 Confusing Touch          Hex            #.....       63%         1    ##.....
 Corona                   Hex            #......      63%         1    ##.....
 Freeze                   Ice            #...         63%         1    ##.....
 Summon Butterflies       Summ           #.......     63%         1    ##.....
 Summon Small Mammal      Summ           #...         63%         1    ##.....
 Ensorcelled Hibernation  Hex/Ice        #.....       77%         2    ###....
 Throw Frost              Conj/Ice       #.....       77%         2    ###....
 Call Canine Familiar     Summ           #.......     94%         3    ####...
 Confuse                  Hex            #.......     94%         3    ####...
 Dazzling Spray           Conj/Hex       #.....       94%         3    ####...
 Gell's Gravitas          Tloc           #.........   94%         3    ####...
 Ozocubu's Armour         Chrm/Ice       #.......     94%         3    ####...
 Portal Projectile        Hex/Tloc       #.....       94%         3    ####...
 Tukima's Dance           Hex            #.......     94%         3    ####...
 Force Lance              Conj/Tloc      #.......     100%        4    #####..
 Petrify                  Tmut/Erth      #.......     100%        4    #####..
 Summon Ice Beast         Ice/Summ       #.......     100%        4    #####..
 Throw Icicle             Conj/Ice       #.......     100%        4    #####..
 Bolt of Magma            Conj/Fire/Erth #.........   100%        5    ######.
 Iskenderun's Battlesphe  Conj/Chrm      #.......     100%        5    ######.
 Metabolic Englaciation   Hex/Ice        #.........   100%        5    ######.
 Summon Mana Viper        Hex/Summ       #.......     100%        5    ######.
 Venom Bolt               Conj/Pois      #.........   100%        5    ######.
 Yara's Violent Unravell  Hex/Tmut       #.........   100%        5    ######.
 Dispersal                Tloc           #.........   100%        6    #######
 Iron Shot                Conj/Erth      #.........   100%        6    #######
 Orb of Destruction       Conj           #.........   100%        7    #######
 Spellforged Servitor     Conj/Summ      #.........   100%        7    #######
 Summon Hydra             Summ           #.........   100%        7    #######
 Controlled Blink         Tloc           N/A          100%        8    #######
 Disjunction              Tloc           #.........   100%        8    #######


Dungeon Overview and Level Annotations

Branches:
Dungeon (13/15)            Temple (1/1) D:7            Lair (6/6) D:10
  Swamp (0/4) Lair:3       Spider (0/4) Lair:3        Slime (0/5) Lair:5
    Orc (0/2) D:12
 Vaults: D:13-14

Altars:
Ashenzari
Cheibriados
Dithmenos
Elyvilon
Fedhas
Gozag
Kikubaaqudgha
Makhleb
Nemelex Xobeh
Okawaru
Qazlal
Sif Muna
Uskayaw
Vehumet
Xom
Yredelemnul
Zin
The Shining One

Annotations:
D:7 exclusion: ice statue


Innate Abilities, Weirdness & Mutations

You reflexively headbutt those who attack you in melee.
You have a pair of horns on your head.


Message History

A rime drake comes into view.
The orange demon stings you from afar!
* * * LOW HITPOINT WARNING * * *
You block the orange demon's attack.
A polar bear comes into view.
The polar bear growls angrily.
The rime drake hisses angrily.
The rime drake breathes ice at you. The flash freeze hits you!
* * * LOW HITPOINT WARNING * * *
You are encased in ice.
You block the orange demon's attack.
There is a large open door here.
You feel yourself speed up.
You recover from your berserk rage.
The rime drake misses you. The orange demon closely misses you.
As you read the scroll of teleportation, it crumbles to dust.
You feel strangely unstable. The ice encasing you melts away.
You block the red devil's attack. The rime drake closely misses you.
The polar bear bites you!
You die...

#........#....§≈≈≈§
#...8.8..#.).....§.
#..8.#...'44.._....
#...8)#..#.†.......
#..#.8...#........≈
#...#.8..###############
#..8.8...'.............#
#........#...84...8....#
'#########...44.@......#
♣♣♣ ######hk####### ..♣
♣....♣ .†..♣ ♣....♣
♣♣♣...♣ ♣..♣♣♣ ...♣ .♣♣♣
♣.. ♣♣ .


You could see 2 orange demons, a polar bear, a rime drake and a red devil.

Vanquished Creatures
  2 entropy weavers (Lair:5)
  The ghost of Goschikat the Earth Mage, a journeyman DEEE of Sif Muna (Lair:5)
  A minotaur (Lab)
  Snorg (D:11)
  Josephine (Lair:6)
  Harold (D:9)
  2 ghost crabs (Lair:5)
  5 hydras
  2 two-headed ogres
  7 death yaks
  A dancing weapon (Lair:5)
  Urug (Lair:3)
  3 fire crabs (Lair:5)
  A sixfirhy (Lair:6)
  An unseen horror (D:13)
  A wizard (Lair:6)
  A wolf spider (Lair:3)
  A manticore (D:11)
  2 deep elf magi (D:12)
  2 ugly things (D:12)
  6 elephants (Lair:5)
  A cyclops (D:11)
  A centaur skeleton (D:11)
  3 black mambas
  12 spiny frogs
  A gargoyle (D:11)
  The ghost of Anothat the Shield-Bearer, a novice OpFi (D:4)
  An apocalypse crab (Lair:5)
  4 ice devils
  5 rime drakes
  8 komodo dragons
  A hellwing (Lair:6)
  The ghost of teukkam the Skirmisher, an amateur MiBe of Trog (D:4)
  2 polar bears (Lair:5)
  2 hornets
  4 trolls
  2 tyrant leeches (Lair:3)
  4 slime creatures (Lair:5)
  A dream sheep (Lair:6)
  5 hippogriffs
  12 blink frogs (Lair:2)
  A spriggan (D:7)
  31 yaks
  A shadow (D:12)
  2 wyverns
  A redback (Lab)
  6 wraiths
  2 basilisks
  7 vampire mosquitoes
  Grum (D:11)
  Menkaure (D:4)
  A swamp worm (Lair:3)
  13 water moccasins
  4 hell hounds (Lair:6)
  2 black bears
  6 orc warriors
  4 porcupines
  2 sky beasts
  3 ice beasts
  A phantom (D:13)
  6 necrophages (Lair:5)
  An eye of draining (D:9)
  6 ogres
  2 wolves (D:11)
  6 centaurs
  15 crocodiles
  3 big kobolds
  17 bullfrogs
  A wyvern zombie (D:10)
  2 scorpions (D:8)
  7 killer bees (D:13)
  9 wights (D:13)
  3 howler monkeys
  4 crimson imps
  A bullfrog zombie (D:6)
  A jelly (D:11)
  2 quasits
  6 orc priests
  5 hounds
  14 orc wizards
  4 bullfrog skeletons
  3 iguanas
  A killer bee zombie (D:5)
  4 worker ants
  A howler monkey zombie (D:10)
  A worker ant zombie (D:9)
  2 howler monkey skeletons (D:5)
  15 adders
  3 shadow imps
  2 oozes
  An adder skeleton (D:4)
  3 adder zombies
  4 worms
  4 dart slugs
  4 leopard geckos
  47 orcs
  6 giant cockroaches
  7 goblins
  3 hobgoblins
  6 jackals
  4 quokkas
  2 ball pythons (D:4)
  A ball python skeleton (D:4)
  6 bats
  6 frilled lizards
  A jackal skeleton (D:4)
  A jackal zombie (D:7)
  16 kobolds
  3 quokka zombies
  7 rats
  A butterfly (Lair:1)
  5 fungi
  4 plants
492 creatures vanquished.

Vanquished Creatures (others)
  A fire crab (Lair:5)
  A fungus (Lair:2)
  4 withered plants (D:4)
6 creatures vanquished.

Grand Total: 498 creatures vanquished

Notes
Turn   | Place    | Note
-------+----------+-------------------------------------------
     0 | D:1      | Americanboy the Minotaur Fighter began the quest for the Orb.
     0 | D:1      | Reached XP level 1. HP: 19/19 MP: 0/0
   190 | D:1      | Reached XP level 2. HP: 27/27 MP: 1/1
   703 | D:2      | Reached XP level 3. HP: 33/33 MP: 2/2
   842 | D:2      | Reached skill level 3 in Axes
  1119 | D:2      | Reached XP level 4. HP: 36/41 MP: 3/3
  1465 | D:3      | Found a radiant altar of Vehumet.
  1480 | D:3      | Reached skill level 4 in Axes
  1914 | D:4      | Found a stormy altar of Qazlal.
  1924 | D:4      | Reached XP level 5. HP: 39/47 MP: 4/4
  1974 | D:4      | Noticed Menkaure
  1979 | D:4      | Killed Menkaure
  1979 | D:4      | Reached skill level 5 in Fighting
  1979 | D:4      | Reached skill level 5 in Axes
  1994 | D:4      | Found a runed gate.
  1994 | D:4      | Found a runed gate.
  1994 | D:4      | Found a runed gate.
  1996 | D:4      | Noticed teukkam's ghost (amateur MiBe)
  1997 | D:4      | Noticed Anothat's ghost (novice OpFi)
  2039 | D:4      | Reached XP level 6. HP: 56/56 MP: 5/5
  2479 | D:4      | Reached skill level 6 in Axes
  2479 | D:4      | Reached skill level 1 in Dodging
  2481 | D:4      | Found a glowing drain.
  2520 | D:4      | Reached skill level 5 in Armour
  2520 | D:4      | Reached skill level 5 in Shields
  2520 | D:4      | Reached XP level 7. HP: 18/62 MP: 6/6
  3041 | D:4      | Killed teukkam's ghost
  3041 | D:4      | Reached skill level 7 in Axes
  3042 | D:4      | Killed Anothat's ghost
  3042 | D:4      | Reached skill level 8 in Axes
  3042 | D:4      | Reached XP level 8. HP: 26/71 MP: 7/7
  3257 | D:5      | Entered Level 5 of the Dungeon
  3532 | D:5      | Found a shattered altar of Ashenzari.
  3579 | D:5      | Reached skill level 9 in Axes
  4195 | D:6      | Found a radiant altar of Vehumet.
  4347 | D:6      | Reached skill level 10 in Axes
  4486 | D:7      | Reached XP level 9. HP: 79/79 MP: 8/8
  4491 | D:7      | Found a staircase to the Ecumenical Temple.
  4518 | Temple   | Entered the Ecumenical Temple
  4535 | Temple   | Became a worshipper of Warmaster Okawaru
  4845 | D:7      | Noticed an ice statue
  5660 | D:9      | Reached skill level 11 in Axes
  5661 | D:9      | Noticed a two-headed ogre
  5669 | D:9      | Killed a two-headed ogre
  5669 | D:9      | Reached * piety under Okawaru
  5669 | D:9      | Reached skill level 1 in Evocations
  5785 | D:9      | Reached skill level 12 in Axes
  5833 | D:9      | Noticed Harold
  5845 | D:9      | Killed Harold
  5845 | D:9      | Reached ** piety under Okawaru
  5845 | D:9      | Reached XP level 10. HP: 85/90 MP: 9/9
  6257 | D:10     | Entered Level 10 of the Dungeon
  6283 | D:10     | Reached skill level 13 in Axes
  6310 | D:10     | Noticed an eight-headed hydra
  6318 | D:10     | Killed a 13-headed hydra
  6318 | D:10     | Reached *** piety under Okawaru
  6561 | D:10     | Noticed a death yak
  6563 | D:10     | Noticed a death yak
  6565 | D:10     | Noticed a death yak
  6572 | D:10     | Killed a death yak
  6572 | D:10     | Received a gift from Okawaru
  6576 | D:10     | Reached skill level 14 in Axes
  6578 | D:10     | Killed a death yak
  6578 | D:10     | Reached XP level 11. HP: 99/99 MP: 9/11
  6582 | D:10     | Killed a death yak
  6582 | D:10     | Reached **** piety under Okawaru
  6582 | D:10     | Reached skill level 10 in Fighting
  6831 | D:10     | Found a staircase to the Lair.
  6941 | D:10     | Found a shadowy altar of Dithmenos.
  6990 | D:10     | Reached ***** piety under Okawaru
  7538 | D:11     | Noticed Snorg
  7554 | D:11     | Killed Snorg
  7554 | D:11     | Reached skill level 15 in Axes
  7907 | D:11     | Noticed Grum
  7917 | D:11     | Killed Grum
  7923 | D:11     | Received a gift from Okawaru
  8090 | D:11     | Received a gift from Okawaru
  8093 | D:11     | Got a warped hat {god gift}
  8099 | D:11     | Identified the +0 hat "Xeja" {rN+ Dex+4} (Okawaru gifted it to you on level 11 of the Dungeon)
  8395 | D:12     | Noticed a two-headed ogre
  8403 | D:12     | Killed a two-headed ogre
  8414 | D:12     | Reached skill level 16 in Axes
  8453 | D:12     | Noticed a deep elf mage
  8454 | D:12     | Noticed a green ugly thing
  8544 | D:12     | Killed a deep elf mage
  8544 | D:12     | Reached XP level 12. HP: 112/112 MP: 12/12
  8612 | D:12     | Got a shimmering glass ring
  8976 | D:12     | Reached skill level 1 in Invocations
  9153 | D:12     | Identified the ring of Gimealea {rPois rF++ rC- Int+3 Slay+2} (You found it on level 12 of the Dungeon)
  9186 | D:12     | Found an opulent altar of Gozag.
  9247 | D:12     | Identified a scroll of acquirement
  9326 | D:12     | Got a flickering amber ring
  9330 | D:12     | Identified the ring of the Leaf {rPois rF+ rN+ Slay+3 Stlth+} (You found it on level 12 of the Dungeon)
  9499 | D:12     | Found a staircase to the Orcish Mines.
  9613 | D:13     | Got a jewelled ring mail
  9628 | D:13     | Identified the +4 ring mail of Spite {rPois rN+} (You took it off a wight on level 13 of the Dungeon)
 10380 | Lair:1   | Entered Level 1 of the Lair of Beasts
 10492 | Lair:1   | Found a shadowy altar of Dithmenos.
 10578 | Lair:1   | Received a gift from Okawaru
 11358 | Lair:2   | Reached skill level 17 in Axes
 11408 | Lair:2   | Reached XP level 13. HP: 106/122 MP: 14/14
 11428 | Lair:2   | Reached ****** piety under Okawaru
 11959 | Lair:3   | Found a labyrinth entrance.
 11969 | Lab      | Entered a labyrinth
 12065 | Lab      | Noticed a minotaur
 12072 | Lab      | Killed a minotaur
 12072 | Lab      | Received a gift from Okawaru
 12072 | Lab      | Reached skill level 10 in Shields
 12082 | Lab      | Got a twisted leather armour
 12104 | Lab      | Identified the cursed +0 leather armour "Ybleam" {*Slow rN++ Slay+5} (You found it in a labyrinth)
 12273 | Lair:3   | Found a hole to the Spider Nest.
 12447 | Lair:3   | Noticed Urug
 12456 | Lair:3   | Killed Urug
 12702 | Lair:3   | Found a staircase to the Swamp.
 13712 | Lair:5   | Received a gift from Okawaru
 13712 | Lair:5   | Reached skill level 5 in Dodging
 13773 | Lair:5   | Found a runed door.
 13773 | Lair:5   | Found a shimmering altar of Xom.
 13773 | Lair:5   | Noticed Goschikat's ghost (journeyman DEEE)
 13784 | Lair:5   | Reached skill level 18 in Axes
 13996 | Lair:5   | Found a staircase to the Slime Pits.
 14377 | Lair:5   | Got a translucent hunting sling
 14378 | Lair:5   | Identified the +7 hunting sling "Ytefitef" {freeze, Str+2} (You found it on level 5 of the Lair of Beasts)
 14617 | Lair:5   | Killed Goschikat's ghost
 14621 | Lair:5   | Reached XP level 14. HP: 123/133 MP: 8/15
 14623 | Lair:5   | Got a faintly glowing great sword {chaos}
 14638 | Lair:5   | Identified the +9 great sword "Death Rattle" {chaos, rPois rC- Str+4 Int+4} (You subdued it on level 5 of the Lair of Beasts)
 14688 | Lair:5   | Found a runed door.
 14848 | Lair:5   | Noticed an entropy weaver
 14854 | Lair:5   | Reached skill level 15 in Fighting
 14858 | Lair:5   | Killed an entropy weaver
 15252 | Lair:5   | Noticed an entropy weaver
 15260 | Lair:5   | Killed an entropy weaver
 15625 | Lair:5   | Got a crystal long sword
 15627 | Lair:5   | Got a brightly glowing long sword
 15633 | Lair:5   | Identified the +3 long sword of a Million Realms {slice, MR+ SInv} (You found it on level 5 of the Lair of Beasts)
 15634 | Lair:5   | Identified the cursed +1 long sword of Focus {flame, +Rage rPois rC- MP+9} (You found it on level 5 of the Lair of Beasts)
 15778 | Lair:6   | Entered Level 6 of the Lair of Beasts
 15815 | Lair:6   | Received a gift from Okawaru
 15913 | Lair:6   | Reached skill level 10 in Armour
 16311 | Lair:6   | Found a burning altar of Makhleb.
 16312 | Lair:6   | Noticed Josephine
 16325 | Lair:6   | Killed Josephine
 16356 | Lair:6   | Slain by a polar bear

Skill      XL: |  1  2  3  4  5  6  7  8  9 10 11 12 13 14 |
---------------+-------------------------------------------+-----
Fighting       | 4 5 6 7 8 9 11 13 14 16 | 16.0
Armour         | 4 5 6 7 8 9 10 | 10.0
Axes           | 3 4 5 6 8 10 12 14 16 17 18 | 18.8
Shields        | 4 5 6 7 9 10 11 | 11.1
Dodging        | 1 2 3 4 5 6 |  6.3
Evocations     | 1 2 3 4 |  4.2
Invocations    | 1 2 |  2.2

Action                   |  1- 3 |  4- 6 |  7- 9 | 10-12 | 13-15 || total
-------------------------+-------+-------+-------+-------+-------++-------
Melee: War axe           |    56 |   138 |   179 |   497 |    39 ||   909
       Headbutt          |     7 |    24 |    46 |   137 |    82 ||   296
       Broad axe         |       |       |       |       |   259 ||   259
       Great sword       |       |       |       |       |    21 ||    21
Invok: Heroism           |       |       |       |    13 |     5 ||    18
       Finesse           |       |       |       |     1 |     1 ||     2
 Abil: Evoke Berserk Rag |       |       |     4 |     9 |     7 ||    20
  Use: Scroll            |     4 |     4 |     9 |     4 |    19 ||    40
       Potion            |       |       |     1 |     1 |     1 ||     3
 Stab: Sleeping          |       |       |       |       |     5 ||     5
       Held in net/web   |       |       |       |       |     1 ||     1
  Eat: Ration            |     1 |     2 |     4 |     9 |     7 ||    23
Armor: Scale mail        |    21 |    51 |    41 |    44 |       ||   157
       Plate armour      |       |       |       |    52 |     7 ||    59
       Leather armour    |       |       |       |       |    37 ||    37
Dodge: Dodged            |    25 |    34 |    45 |   175 |   116 ||   395
Block: Shield            |    37 |    71 |    87 |   270 |   168 ||   633
       Rpst.: Great sword |       |       |       |       |     3 ||     3
